Devils vs Senators

Created - December-02-12 at 11:30

Goals
1 2 3 T
Devils 1 0 2 3
Senators 1 2 1 4
Shots
1 2 3 T
Devils 2 6 8 16
Senators 3 9 12 24

1st period

1. Senators , John Tavares 7 (Joni Pitkanen) at 10:24
2. Devils , Josh Bailey 2 (Roman Hamrlik, Jordan Leopold) at 18:45

Penalties :
Patrick Eaves (NJD) for Hooking (Minor) at 6:12, Vladimir Sobotka (NJD) for Holding (Minor) at 13:15, Nikita Nikitin (NJD) for Tripping (Minor) at 15:15

2nd period

3. Senators , Claude Giroux 13 (Adrian Aucoin, Anton Stralman) at 5:29 (PP)
4. Senators , Jim OBrien 2 (Jay Pandolfo, Anton Stralman) at 6:05

Penalties :
Brad Stuart (NJD) for Holding (Minor) at 5:05, Niklas Hjalmarsson (NJD) for Tripping (Minor) at 12:46

3rd period

5. Devils , Brad Stuart 4 (James van Riemsdyk, Tim Connolly) at 4:41 (PP)
6. Devils , Lubomir Visnovsky 6 (Artem Anisimov, Saku Koivu) at 7:04 (PP)
7. Senators , Claude Giroux 14 (Dion Phaneuf, John Tavares) at 12:27 (PP)

Penalties :
Anton Stralman (OTT) for Interference (Minor) at 1:04, Dion Phaneuf (OTT) for Hooking (Minor) at 3:09, Claude Giroux (OTT) for Roughing (Minor) at 6:52, R.J. Umberger (NJD) for Holding Stick (Minor) at 8:22, R.J. Umberger (NJD) for Slashing (Double Minor) at 10:49, Brad Stuart (NJD) for Holding (Minor) at 11:20, Artem Anisimov (NJD) for Holding (Minor) at 15:00

Goalie Stats

Steve Mason (NJD), 20 saves from 24 shots - (0.833), L, 8-13-2, 59:12 minutes
Craig Anderson (OTT), 13 saves from 16 shots - (0.813), W, 9-4-2, 60:00 minutes

Players Stats for Devils

Player Name              G  A  P  +/- PIM S  H  SB GA TA FO     MP     PP MP  PK MP  
------------------------------------------------------------------------------------
Artem Anisimov           0  1  1  -1  2   1  0  0  0  0  0/1    14:50   2:28   0:00 
Brad Stuart              1  0  1  -1  4   1  1  0  0  0  0/0    21:39   1:15   6:40 
James van Riemsdyk       0  1  1  -1  0   1  0  0  0  0  1/1    14:28   1:15   0:00 
Jordan Leopold           0  1  1   0  0   1  0  2  0  0  0/0    23:38   1:15   7:25 
Josh Bailey              1  0  1   1  0   3  0  0  0  0  0/0     6:13   0:00   0:00 
Lubomir Visnovsky        1  0  1  -1  0   2  1  1  0  0  0/0    19:38   2:28   3:32 
Marcel Goc               0  0  0   0  0   0  0  0  0  0  13/24  17:12   0:00   8:11 
Mark Letestu             0  0  0  -1  0   0  3  0  0  0  0/0    13:10   1:15   0:00 
Matt DAgostini           0  0  0   0  0   2  1  0  0  0  0/0    11:01   0:00   2:00 
Matthew Lombardi         0  0  0   1  0   0  1  0  0  0  0/0     7:17   0:00   1:04 
Nikita Nikitin           0  0  0   0  2   0  1  1  0  0  0/0    14:34   2:28   0:00 
Niklas Hjalmarsson       0  0  0   0  2   2  2  6  0  0  0/0    19:31   0:00   6:22 
Patrick Eaves            0  0  0   0  2   1  0  0  0  0  2/3    15:19   0:00   6:19 
R.J. Umberger            0  0  0  -1  6   1  0  0  0  0  0/0    15:39   2:28   0:00 
Roman Hamrlik            0  1  1   0  0   0  4  2  0  0  0/0    20:56   0:00   7:50 
Saku Koivu               0  1  1  -1  0   1  2  1  0  0  14/28  21:02   2:28   5:49 
Tim Connolly             0  1  1  -1  0   0  0  0  0  0  8/12   13:10   1:15   0:00 
Vladimir Sobotka         0  0  0   1  2   0  0  1  0  0  1/3    12:40   0:00   6:28 

Players Stats for Senators

Player Name              G  A  P  +/- PIM S  H  SB GA TA FO     MP     PP MP  PK MP  
------------------------------------------------------------------------------------
Adrian Aucoin            0  1  1  -1  0   0  0  2  0  0  0/0    26:07   8:22   1:39 
Anton Stralman           0  2  2   0  2   2  0  0  0  0  0/0    18:05   8:42   0:00 
Claude Giroux            2  0  2   0  2   4  0  0  0  0  0/1    26:02   7:59   0:00 
Colin White              0  0  0   1  0   0  2  1  0  0  0/0    11:38   0:19   1:39 
Daniel Sedin             0  0  0   0  0   2  0  0  0  0  0/0    20:30   6:37   0:00 
Dion Phaneuf             0  1  1   0  2   5  1  0  0  0  0/0    23:02   6:54   0:00 
Jared Cowen              0  0  0   1  0   0  3  0  0  0  0/0    18:20   0:53   2:04 
Jason Spezza             0  0  0   0  0   2  0  0  0  0  8/21   20:10   7:19   0:00 
Jay Pandolfo             0  1  1   1  0   0  1  0  0  0  0/0     8:45   0:19   0:00 
Jim OBrien               1  0  1   1  0   2  1  0  0  0  1/3    18:34   8:17   1:37 
John Mitchell            0  0  0   0  0   0  1  0  0  0  0/0     7:41   0:37   2:06 
John Tavares             1  1  2   1  0   1  0  1  0  0  12/21  16:43   8:17   0:00 
Joni Pitkanen            0  1  1   1  0   1  0  0  0  0  0/0    22:46   6:40   2:04 
Kaspars Daugavins        0  0  0   0  0   1  1  0  0  0  0/0    16:30   1:01   1:37 
Matt Read                0  0  0   0  0   3  3  0  0  0  0/1    20:10   7:19   0:00 
Peter Regin              0  0  0   0  0   0  0  0  0  0  5/9     7:18   0:00   2:06 
Sidney Crosby            0  0  0   0  0   1  0  0  0  0  7/16   13:53   0:00   0:00 
Steve Staios             0  0  0   0  0   0  0  0  0  0  0/0     0:00   0:00   0:00 

3 Stars

1 - John Tavares (OTT)
2 - Claude Giroux (OTT)
3 - Jim OBrien (OTT)

Power Play

Devils - 2 on 3 Attempt(s) - 66.67%
Senators - 2 on 10 Attempt(s) - 20.00%

Penalty Kill

Devils - 8 on 10 Attempt(s) - 80.00% - Score 0 goal in Penalty Kill
Senators - 1 on 3 Attempt(s) - 33.33% - Score 0 goal in Penalty Kill

Official

Referees : Brad Meier and Steve Kozari
Linesman : Greg Devorski and Ryan Galloway

Game Notes

No Game Note

Finance

Level 1 -- Attendance: 6247 (96.11%) -- Ticket Income $624,700
Level 2 -- Attendance: 5000 (100.00%) -- Ticket Income $300,000
Level 3 -- Attendance: 3406 (97.31%) -- Ticket Income $119,210
Level 4 -- Attendance: 3134 (99.40%) -- Ticket Income $94,020
Luxury Box -- Attendance: 1000 (100.00%) -- Ticket Income $250,000
Game was played at the Scotiabank Place
Total Attendance: 18787 (98.09%)
Total Ticket Income: $1,387,930
Other Income: $208,190
Total Income: $1,596,120


% Time on Ice - Devils

Lines # - Real PCT - Wanted PCT - Time Play
Normal Forward
1 - 32% - 35% - 12:45
2 - 30% - 30% - 11:55
3 - 23% - 20% - 9:01
4 - 16% - 15% - 6:13
Normal Defense
1 - 33% - 35% - 13:17
2 - 33% - 35% - 13:06
3 - 29% - 20% - 11:36
4 - 5% - 10% - 1:55
PP Forward
1 - 66% - 60% - 2:28
2 - 34% - 40% - 1:15
PP Defense
1 - 66% - 60% - 2:28
2 - 34% - 40% - 1:15
PK Forward
1 - 58% - 55% - 8:07
2 - 42% - 45% - 5:49
PK Defense
1 - 48% - 55% - 6:41
2 - 52% - 45% - 7:15
PK3 Forward
1 - 50% - 50% - 0:59
2 - 50% - 50% - 1:00
PK3 Defense
1 - 50% - 50% - 0:59
2 - 50% - 50% - 1:00
44 Forward
1 - 0% - 55%
2 - 0% - 45%
44 Defense
1 - 0% - 55%
2 - 0% - 45%
Last Minute Offensive  - 0:28
Last Minute Defensive  - 0:00
Total
Forward - 60:00
Defense - 60:00

% Time on Ice - Senators

Lines # - Real PCT - Wanted PCT - Time Play
Normal Forward
1 - 35% - 40% - 13:53
2 - 32% - 30% - 12:51
3 - 21% - 20% - 8:26
4 - 12% - 10% - 4:58
Normal Defense
1 - 42% - 40% - 16:54
2 - 34% - 30% - 13:48
3 - 18% - 20% - 7:04
4 - 6% - 10% - 2:22
PP Forward
1 - 46% - 60% - 7:19
2 - 54% - 40% - 8:36
PP Defense
1 - 57% - 60% - 9:01
2 - 43% - 40% - 6:54
PK Forward
1 - 57% - 50% - 2:06
2 - 43% - 50% - 1:37
PK Defense
1 - 44% - 50% - 1:39
2 - 56% - 50% - 2:04
PK3 Forward
1 - 0% - 60%
2 - 0% - 40%
PK3 Defense
1 - 0% - 60%
2 - 0% - 40%
44 Forward
1 - 0% - 60%
2 - 0% - 40%
44 Defense
1 - 0% - 60%
2 - 0% - 40%
Last Minute Offensive  - 0:00
Last Minute Defensive  - 0:14
Total
Forward - 60:00
Defense - 60:00

Play by Play

1st period


0:01 of 1st period - Sidney Crosby wins face-off versus Saku Koivu in neutral zone.
1:56 of 1st period - Shot by Patrick Eaves.
1:56 of 1st period - Shot Blocked by John Tavares.
1:58 of 1st period - Shot by Niklas Hjalmarsson.
1:58 of 1st period - Stopped by Craig Anderson without a rebound.
1:59 of 1st period - Peter Regin wins face-off versus Vladimir Sobotka in Senators zone.
2:01 of 1st period - Claude Giroux is hit by Matthew Lombardi and loses puck.
3:40 of 1st period - Shot by Jason Spezza.
3:40 of 1st period - Shot Blocked by Lubomir Visnovsky.
3:53 of 1st period - Off-side.
3:54 of 1st period - Tim Connolly wins face-off versus Sidney Crosby in neutral zone.
5:12 of 1st period - Shot by Matt Read.
5:12 of 1st period - Shot Misses the Net.
6:12 of 1st period - Minor Penalty to Patrick Eaves for Hooking.
6:13 of 1st period - John Tavares wins face-off versus Marcel Goc in Devils zone.
7:22 of 1st period - Shot by Daniel Sedin.
7:22 of 1st period - Stopped by Steve Mason without a rebound.
7:23 of 1st period - John Tavares wins face-off versus Saku Koivu in Devils zone.
9:05 of 1st period - Matthew Lombardi is hit by John Mitchell and loses puck.
10:02 of 1st period - Icing by Roman Hamrlik.
10:03 of 1st period - John Tavares wins face-off versus Saku Koivu in Devils zone.
10:04 of 1st period - Shot by Jim OBrien.
10:04 of 1st period - Shot Blocked by Jordan Leopold.
10:24 of 1st period - Shot by John Tavares.
10:24 of 1st period - Goal by John Tavares - Devils : 0 - Senators : 1.
10:25 of 1st period - Marcel Goc wins face-off versus Sidney Crosby in neutral zone.
10:27 of 1st period - Lubomir Visnovsky is hit by Jared Cowen and loses puck.
10:46 of 1st period - Shot by Sidney Crosby.
10:46 of 1st period - Shot Misses the Net.
11:36 of 1st period - Shot by Saku Koivu.
11:36 of 1st period - Shot Misses the Net.
11:53 of 1st period - Off-side.
11:54 of 1st period - Tim Connolly wins face-off versus Jason Spezza in neutral zone.
12:20 of 1st period - Shot by Artem Anisimov.
12:20 of 1st period - Shot Blocked by Adrian Aucoin.
12:22 of 1st period - Shot by Lubomir Visnovsky.
12:22 of 1st period - Shot Misses the Net.
12:24 of 1st period - Shot by Mark Letestu.
12:24 of 1st period - Shot Misses the Net.
12:45 of 1st period - Dion Phaneuf is hit by Roman Hamrlik and loses puck.
12:56 of 1st period - Shot by Vladimir Sobotka.
12:56 of 1st period - Shot Blocked by Colin White.
13:15 of 1st period - Minor Penalty to Vladimir Sobotka for Holding.
13:16 of 1st period - Marcel Goc wins face-off versus Jason Spezza in Devils zone.
13:39 of 1st period - Shot by Matt Read.
13:39 of 1st period - Shot Blocked by Roman Hamrlik.
13:41 of 1st period - Shot by Adrian Aucoin.
13:41 of 1st period - Shot Misses the Net.
15:15 of 1st period - Minor Penalty to Nikita Nikitin for Tripping.
15:16 of 1st period - Marcel Goc wins face-off versus Jason Spezza in Devils zone.
17:07 of 1st period - Matt DAgostini is hit by Kaspars Daugavins and loses puck.
17:30 of 1st period - Shot by Kaspars Daugavins.
17:30 of 1st period - Shot Misses the Net.
18:43 of 1st period - Shot by Josh Bailey.
18:43 of 1st period - Shot Misses the Net.
18:45 of 1st period - Shot by Josh Bailey.
18:45 of 1st period - Goal by Josh Bailey - Devils : 1 - Senators : 1.
18:46 of 1st period - Sidney Crosby wins face-off versus Marcel Goc in neutral zone.
18:56 of 1st period - Off-side.
18:57 of 1st period - Peter Regin wins face-off versus Tim Connolly in neutral zone.
19:03 of 1st period - Claude Giroux is hit by Nikita Nikitin and loses puck.
19:07 of 1st period - Claude Giroux is hit by Niklas Hjalmarsson and loses puck.
19:10 of 1st period - Shot by Peter Regin.
19:10 of 1st period - Shot Blocked by Niklas Hjalmarsson.
19:26 of 1st period - Shot by Claude Giroux.
19:26 of 1st period - Shot Blocked by Niklas Hjalmarsson.
19:38 of 1st period - Shot by Jason Spezza.
19:38 of 1st period - Stopped by Steve Mason without a rebound.
19:39 of 1st period - Saku Koivu wins face-off versus Jason Spezza in Devils zone.
19:46 of 1st period - Shot by Jordan Leopold.
19:46 of 1st period - Shot Misses the Net.

2nd period


0:01 of 2nd period - James van Riemsdyk wins face-off versus Sidney Crosby in neutral zone.
0:28 of 2nd period - Icing by Adrian Aucoin.
0:29 of 2nd period - Marcel Goc wins face-off versus Sidney Crosby in Senators zone.
0:50 of 2nd period - Shot by Claude Giroux.
0:50 of 2nd period - Shot Misses the Net.
1:17 of 2nd period - Icing by Kaspars Daugavins.
1:18 of 2nd period - Jason Spezza wins face-off versus Saku Koivu in Senators zone.
1:18 of 2nd period - Jason Spezza is hit by Saku Koivu.
1:43 of 2nd period - Jason Spezza is hit by Roman Hamrlik and loses puck.
1:52 of 2nd period - Joni Pitkanen is hit by Saku Koivu and loses puck.
2:09 of 2nd period - Off-side.
2:10 of 2nd period - Tim Connolly wins face-off versus Sidney Crosby in neutral zone.
2:31 of 2nd period - Shot by Sidney Crosby.
2:31 of 2nd period - Stopped by Steve Mason without a rebound.
2:32 of 2nd period - Marcel Goc wins face-off versus John Tavares in Devils zone.
2:43 of 2nd period - Jay Pandolfo is hit by Matt DAgostini and loses puck.
3:10 of 2nd period - Niklas Hjalmarsson is hit by Dion Phaneuf and loses puck.
3:21 of 2nd period - Niklas Hjalmarsson is hit by Jim OBrien and loses puck.
3:29 of 2nd period - Icing by Nikita Nikitin.
3:30 of 2nd period - Marcel Goc wins face-off versus Sidney Crosby in Devils zone.
3:34 of 2nd period - Off-side.
3:35 of 2nd period - Saku Koivu wins face-off versus Claude Giroux in neutral zone.
3:46 of 2nd period - Shot by Saku Koivu.
3:46 of 2nd period - Shot Misses the Net.
3:48 of 2nd period - Shot by Brad Stuart.
3:48 of 2nd period - Deflect By James van Riemsdyk.
3:48 of 2nd period - Shot Misses the Net.
3:50 of 2nd period - Shot by Saku Koivu.
3:50 of 2nd period - Stopped by Craig Anderson without a rebound.
3:51 of 2nd period - Jason Spezza wins face-off versus Tim Connolly in Senators zone.
3:58 of 2nd period - Joni Pitkanen is hit by Mark Letestu.
4:12 of 2nd period - Jared Cowen is hit by Mark Letestu and loses puck.
4:49 of 2nd period - Saku Koivu is hit by Jared Cowen and loses puck.
5:05 of 2nd period - Minor Penalty to Brad Stuart for Holding.
5:06 of 2nd period - John Tavares wins face-off versus Marcel Goc in Devils zone.
5:29 of 2nd period - Shot by Adrian Aucoin.
5:29 of 2nd period - Deflect By Claude Giroux.
5:29 of 2nd period - Goal by Claude Giroux - Devils : 1 - Senators : 2.
5:30 of 2nd period - Sidney Crosby wins face-off versus Saku Koivu in neutral zone.
5:53 of 2nd period - Shot by R.J. Umberger.
5:53 of 2nd period - Stopped by Craig Anderson without a rebound.
5:54 of 2nd period - John Tavares wins face-off versus Tim Connolly in Senators zone.
6:03 of 2nd period - Shot by Jay Pandolfo.
6:03 of 2nd period - Shot Misses the Net.
6:05 of 2nd period - Shot by Jim OBrien.
6:05 of 2nd period - Goal by Jim OBrien - Devils : 1 - Senators : 3.
6:06 of 2nd period - Sidney Crosby wins face-off versus Saku Koivu in neutral zone.
7:26 of 2nd period - Shot by Jason Spezza.
7:26 of 2nd period - Shot Misses the Net.
8:11 of 2nd period - Shot by Josh Bailey.
8:11 of 2nd period - Stopped by Craig Anderson without a rebound.
8:12 of 2nd period - John Tavares wins face-off versus Marcel Goc in Senators zone.
8:51 of 2nd period - John Tavares is hit by Roman Hamrlik and loses puck.
9:49 of 2nd period - Off-side.
9:50 of 2nd period - Tim Connolly wins face-off versus Matt Read in neutral zone.
9:54 of 2nd period - Off-side.
9:55 of 2nd period - Saku Koivu wins face-off versus Jason Spezza in neutral zone.
10:16 of 2nd period - Shot by James van Riemsdyk.
10:16 of 2nd period - Stopped by Craig Anderson without a rebound.
10:17 of 2nd period - Tim Connolly wins face-off versus John Tavares in Senators zone.
10:20 of 2nd period - Shot by Artem Anisimov.
10:20 of 2nd period - Shot Misses the Net.
11:14 of 2nd period - Shot by Claude Giroux.
11:14 of 2nd period - Stopped by Steve Mason without a rebound.
11:15 of 2nd period - Saku Koivu wins face-off versus Jason Spezza in Devils zone.
11:40 of 2nd period - Shot by Jason Spezza.
11:40 of 2nd period - Shot Misses the Net.
11:46 of 2nd period - Shot by Jason Spezza.
11:46 of 2nd period - Shot Misses the Net.
12:25 of 2nd period - Claude Giroux is hit by Roman Hamrlik and loses puck.
12:34 of 2nd period - Shot by Josh Bailey.
12:34 of 2nd period - Stopped by Craig Anderson without a rebound.
12:35 of 2nd period - Marcel Goc wins face-off versus Jim OBrien in Senators zone.
12:46 of 2nd period - Minor Penalty to Niklas Hjalmarsson for Tripping.
12:47 of 2nd period - Marcel Goc wins face-off versus John Tavares in Devils zone.
13:08 of 2nd period - John Tavares is hit by Lubomir Visnovsky and loses puck.
13:20 of 2nd period - Off-side.
13:21 of 2nd period - Jason Spezza wins face-off versus Marcel Goc in neutral zone.
13:24 of 2nd period - Roman Hamrlik is hit by Matt Read and loses puck.
13:49 of 2nd period - Shot by Joni Pitkanen.
13:49 of 2nd period - Stopped by Steve Mason without a rebound.
13:50 of 2nd period - John Tavares wins face-off versus Saku Koivu in Devils zone.
14:11 of 2nd period - Shot by Anton Stralman.
14:11 of 2nd period - Stopped by Steve Mason without a rebound.
14:12 of 2nd period - Jason Spezza wins face-off versus Marcel Goc in Devils zone.
14:36 of 2nd period - Off-side.
14:37 of 2nd period - Saku Koivu wins face-off versus Jim OBrien in neutral zone.
14:47 of 2nd period - Anton Stralman is hit by Niklas Hjalmarsson and loses puck.
14:56 of 2nd period - Shot by Claude Giroux.
14:56 of 2nd period - Shot Blocked by Nikita Nikitin.
15:03 of 2nd period - Icing by Niklas Hjalmarsson.
15:04 of 2nd period - Tim Connolly wins face-off versus Jason Spezza in Devils zone.
15:31 of 2nd period - Shot by Matt Read.
15:31 of 2nd period - Shot Blocked by Niklas Hjalmarsson.
15:33 of 2nd period - Shot by Adrian Aucoin.
15:33 of 2nd period - Shot Misses the Net.
15:39 of 2nd period - Shot by Matt Read.
15:39 of 2nd period - Stopped by Steve Mason with a rebound.
15:41 of 2nd period - Shot by Kaspars Daugavins.
15:41 of 2nd period - Shot Misses the Net.
15:43 of 2nd period - Shot by Adrian Aucoin.
15:43 of 2nd period - Shot Misses the Net.
16:30 of 2nd period - Icing by Anton Stralman.
16:31 of 2nd period - Saku Koivu wins face-off versus Sidney Crosby in Senators zone.
17:51 of 2nd period - Jordan Leopold is hit by Matt Read.
18:03 of 2nd period - Shot by Jason Spezza.
18:03 of 2nd period - Shot Misses the Net.
18:05 of 2nd period - Shot by Matt Read.
18:05 of 2nd period - Shot Blocked by Jordan Leopold.
18:07 of 2nd period - Shot by Dion Phaneuf.
18:07 of 2nd period - Shot Blocked by Vladimir Sobotka.
18:09 of 2nd period - Shot by Dion Phaneuf.
18:09 of 2nd period - Stopped by Steve Mason without a rebound.
18:10 of 2nd period - Peter Regin wins face-off versus Marcel Goc in Devils zone.
18:17 of 2nd period - Shot by Claude Giroux.
18:17 of 2nd period - Shot Misses the Net.
18:32 of 2nd period - Marcel Goc is hit by Colin White and loses puck.
18:39 of 2nd period - Shot by Patrick Eaves.
18:39 of 2nd period - Stopped by Craig Anderson with a rebound.
19:20 of 2nd period - Icing by Adrian Aucoin.
19:21 of 2nd period - Saku Koivu wins face-off versus Jason Spezza in Senators zone.
19:26 of 2nd period - Shot by James van Riemsdyk.
19:26 of 2nd period - Shot Misses the Net.
19:28 of 2nd period - Shot by James van Riemsdyk.
19:28 of 2nd period - Shot Misses the Net.
19:52 of 2nd period - Shot by Jason Spezza.
19:52 of 2nd period - Stopped by Steve Mason without a rebound.
19:53 of 2nd period - Tim Connolly wins face-off versus John Tavares in Devils zone.

3rd period


0:01 of 3rd period - Saku Koivu wins face-off versus Sidney Crosby in neutral zone.
0:34 of 3rd period - Icing by Adrian Aucoin.
0:35 of 3rd period - Sidney Crosby wins face-off versus Tim Connolly in Senators zone.
0:35 of 3rd period - Sidney Crosby is hit by Mark Letestu.
0:49 of 3rd period - Shot by Claude Giroux.
0:49 of 3rd period - Stopped by Steve Mason without a rebound.
0:50 of 3rd period - Jim OBrien wins face-off versus Marcel Goc in Devils zone.
0:51 of 3rd period - Shot by John Tavares.
0:51 of 3rd period - Shot Misses the Net.
0:58 of 3rd period - Matt DAgostini is hit by Jay Pandolfo and loses puck.
1:02 of 3rd period - Nikita Nikitin is hit by Colin White and loses puck.
1:04 of 3rd period - Minor Penalty to Anton Stralman for Interference.
1:05 of 3rd period - Peter Regin wins face-off versus Saku Koivu in Senators zone.
1:31 of 3rd period - Icing by Lubomir Visnovsky.
1:32 of 3rd period - Saku Koivu wins face-off versus Peter Regin in Devils zone.
2:44 of 3rd period - Shot by Jordan Leopold.
2:44 of 3rd period - Stopped by Craig Anderson with a rebound.
3:09 of 3rd period - Minor Penalty to Dion Phaneuf for Hooking.
3:10 of 3rd period - Saku Koivu wins face-off versus Peter Regin in Senators zone.
4:41 of 3rd period - Shot by Brad Stuart.
4:41 of 3rd period - Goal by Brad Stuart - Devils : 2 - Senators : 3.
4:42 of 3rd period - Sidney Crosby wins face-off versus Marcel Goc in neutral zone.
5:12 of 3rd period - Shot by Patrick Eaves.
5:12 of 3rd period - Shot Misses the Net.
5:18 of 3rd period - Shot by Matt DAgostini.
5:18 of 3rd period - Stopped by Craig Anderson without a rebound.
5:19 of 3rd period - Vladimir Sobotka wins face-off versus Jason Spezza in Senators zone.
6:23 of 3rd period - Shot by John Tavares.
6:23 of 3rd period - Deflect By Jim OBrien.
6:23 of 3rd period - Stopped by Steve Mason with a rebound.
6:52 of 3rd period - Minor Penalty to Claude Giroux for Roughing.
6:53 of 3rd period - Saku Koivu wins face-off versus Peter Regin in Senators zone.
7:04 of 3rd period - Shot by Lubomir Visnovsky.
7:04 of 3rd period - Goal by Lubomir Visnovsky - Devils : 3 - Senators : 3.
7:05 of 3rd period - Marcel Goc wins face-off versus Sidney Crosby in neutral zone.
8:22 of 3rd period - Minor Penalty to R.J. Umberger for Holding Stick.
8:23 of 3rd period - Marcel Goc wins face-off versus Jason Spezza in Devils zone.
9:02 of 3rd period - Shot by Jason Spezza.
9:02 of 3rd period - Shot Misses the Net.
9:04 of 3rd period - Shot by Kaspars Daugavins.
9:04 of 3rd period - Stopped by Steve Mason without a rebound.
9:05 of 3rd period - Saku Koivu wins face-off versus John Tavares in Devils zone.
9:11 of 3rd period - Icing by Joni Pitkanen.
9:12 of 3rd period - John Tavares wins face-off versus Saku Koivu in Senators zone.
9:19 of 3rd period - Shot by Claude Giroux.
9:19 of 3rd period - Shot Blocked by Niklas Hjalmarsson.
9:37 of 3rd period - Shot by Dion Phaneuf.
9:37 of 3rd period - Stopped by Steve Mason without a rebound.
9:38 of 3rd period - Jason Spezza wins face-off versus Vladimir Sobotka in Devils zone.
10:44 of 3rd period - Shot by Artem Anisimov.
10:44 of 3rd period - Stopped by Craig Anderson without a rebound.
10:45 of 3rd period - Saku Koivu wins face-off versus Peter Regin in Senators zone.
10:49 of 3rd period - Double Minor Penalty to R.J. Umberger for Slashing.
10:50 of 3rd period - John Tavares wins face-off versus Saku Koivu in Devils zone.
11:20 of 3rd period - Minor Penalty to Brad Stuart for Holding.
11:21 of 3rd period - Marcel Goc wins face-off versus Jason Spezza in Devils zone.
11:38 of 3rd period - Shot by Dion Phaneuf.
11:38 of 3rd period - Stopped by Steve Mason without a rebound.
11:39 of 3rd period - Patrick Eaves wins face-off versus John Tavares in Devils zone.
11:53 of 3rd period - Icing by Jim OBrien.
11:54 of 3rd period - John Tavares wins face-off versus Marcel Goc in Senators zone.
12:00 of 3rd period - Icing by John Tavares.
12:01 of 3rd period - Patrick Eaves wins face-off versus John Tavares in Senators zone.
12:25 of 3rd period - Shot by Claude Giroux.
12:25 of 3rd period - Shot Blocked by Roman Hamrlik.
12:27 of 3rd period - Shot by Claude Giroux.
12:27 of 3rd period - Goal by Claude Giroux - Devils : 3 - Senators : 4.
12:28 of 3rd period - Marcel Goc wins face-off versus Jason Spezza in neutral zone.
12:28 of 3rd period - Jordan Leopold is hit by Matt Read and loses puck.
12:49 of 3rd period - Shot by Matt Read.
12:49 of 3rd period - Stopped by Steve Mason with a rebound.
12:55 of 3rd period - Shot by Daniel Sedin.
12:55 of 3rd period - Shot Blocked by Niklas Hjalmarsson.
12:57 of 3rd period - Shot by Matt Read.
12:57 of 3rd period - Shot Misses the Net.
12:59 of 3rd period - Shot by Adrian Aucoin.
12:59 of 3rd period - Deflect By Daniel Sedin.
12:59 of 3rd period - Stopped by Steve Mason without a rebound.
13:00 of 3rd period - John Tavares wins face-off versus Patrick Eaves in Devils zone.
13:37 of 3rd period - Shot by Dion Phaneuf.
13:37 of 3rd period - Stopped by Steve Mason without a rebound.
13:38 of 3rd period - Jason Spezza wins face-off versus Saku Koivu in Devils zone.
14:12 of 3rd period - Daniel Sedin is hit by Brad Stuart and loses puck.
14:39 of 3rd period - Shot by Tim Connolly.
14:39 of 3rd period - Shot Misses the Net.
14:49 of 3rd period - Shot by John Mitchell.
14:49 of 3rd period - Shot Misses the Net.
15:00 of 3rd period - Minor Penalty to Artem Anisimov for Holding.
15:01 of 3rd period - Marcel Goc wins face-off versus John Tavares in Devils zone.
15:28 of 3rd period - Shot by Anton Stralman.
15:28 of 3rd period - Stopped by Steve Mason without a rebound.
15:29 of 3rd period - Jason Spezza wins face-off versus Saku Koivu in Devils zone.
15:32 of 3rd period - Shot by Dion Phaneuf.
15:32 of 3rd period - Shot Misses the Net.
15:44 of 3rd period - Shot by Dion Phaneuf.
15:44 of 3rd period - Shot Misses the Net.
15:50 of 3rd period - Shot by Daniel Sedin.
15:50 of 3rd period - Shot Blocked by Saku Koivu.
15:52 of 3rd period - Shot by Dion Phaneuf.
15:52 of 3rd period - Shot Blocked by Niklas Hjalmarsson.
16:04 of 3rd period - Shot by Dion Phaneuf.
16:04 of 3rd period - Stopped by Steve Mason without a rebound.
16:05 of 3rd period - John Tavares wins face-off versus Marcel Goc in Devils zone.
16:49 of 3rd period - Icing by Claude Giroux.
16:50 of 3rd period - Saku Koivu wins face-off versus John Tavares in Senators zone.
17:07 of 3rd period - Shot by Matt Read.
17:07 of 3rd period - Stopped by Steve Mason without a rebound.
17:08 of 3rd period - Jason Spezza wins face-off versus Saku Koivu in Devils zone.
17:15 of 3rd period - Shot by Saku Koivu.
17:15 of 3rd period - Shot Misses the Net.
17:17 of 3rd period - Shot by Niklas Hjalmarsson.
17:17 of 3rd period - Stopped by Craig Anderson without a rebound.
17:18 of 3rd period - Tim Connolly wins face-off versus Jason Spezza in Senators zone.
17:18 of 3rd period - Tim Connolly is hit by Jared Cowen.
17:58 of 3rd period - Shot by Lubomir Visnovsky.
17:58 of 3rd period - Stopped by Craig Anderson without a rebound.
17:59 of 3rd period - Sidney Crosby wins face-off versus Saku Koivu in Senators zone.
19:01 of 3rd period - Devils, Steve Mason is pulled from the net.
19:01 of 3rd period - Shot by Matt DAgostini.
19:01 of 3rd period - Stopped by Craig Anderson with a rebound.
19:03 of 3rd period - Shot by Patrick Eaves.
19:03 of 3rd period - Shot Blocked by Adrian Aucoin.
19:11 of 3rd period - Shot by Matt DAgostini.
19:11 of 3rd period - Shot Misses the Net.
19:45 of 3rd period - Icing by Jordan Leopold.
19:46 of 3rd period - Steve Mason from Devils was sent back in the game.
19:46 of 3rd period - Peter Regin wins face-off versus Artem Anisimov in Devils zone.
19:57 of 3rd period - Devils, Steve Mason is pulled from the net.


Output by the SimonT Hockey Simulator (STHS) for Stephane Roy -- Original Page W3C XHTML 1.0 Valid
Hockey Simulator - Hockey Simulation - Hockey Manager